[Event "Live Chess"]
[Site "Chess.com"]
[Date "2023.05.21"]
[Round "-"]
[White "Jo1ts"]
[Black "Biranidun"]
[Result "0-1"]
[WhiteElo "789"]
[BlackElo "2655"]
[TimeControl "300"]
[EndTime "16:57:01 PDT"]
[Termination "Biranidun won by resignation"]

1. d4 Nf6 2. Bf4 g6 3. e3 Bg7 4.
Nf3 O-O 5. Nbd2 d6 6. c3 c5 7. Bc4 b6 8. O-O Bb7 9. Qe2 a6 10. Bd3 Nbd7 11. Rac1 h6 12. h3 Re8 13. Bh2 b5 14. c4 b4 15. a3 a5 16. d5 Qb6 17.
Ne4 Nxe4 18. Bxe4 Nf6 19. Bd3 e6 20. e4 exd5 21. exd5 Rxe2 22. Bxe2 Re8 23. Rfe1 Ba6 24. Nd2 h5 25. Ne4 Nxe4 0-1

[Event "Live Chess"]
[Site "Chess.com"]
[Date "2023.05.21"]
[Round "-"]
[White "xx_blindpuffin_xx"]
[Black "alanmike75"]
[Result "1-0"]
[WhiteElo "2209"]
[BlackElo "1551"]
[TimeControl "300"]
[EndTime "16:57:12 PDT"]
[Termination "xx_blindpuffin_xx won by resignation"]

1. d4 d5 2. Bf4 e6 3. e3 Bd6 4.
Bg3 Nf6 5. Nf3 Ne4 6. Bd3 f5 7. Bxd6 Nxd6 8. Ne5 O-O 9. O-O Nd7 10. Nxd7 Bxd7 11.
Nd2 Ne4 12. c3 c6 13. Nf3 Nd6 14. Nd2 Qf6 15. Qe2 e5 16. dxe5 Qxe5 17. c4 Rae8 18. Nf3 Qf6 19. cxd5 cxd5 20. Rfd1 f4 21. Qc2 fxe3 22.
fxe3 Ne4 23. Bf1 Bc6 24. b4 a6 25. a4 Qc3 26. Qxc3 Nxc3 27. Rd3 Nxa4 28. Nd4 Nb6 29. Nxc6 bxc6 30. Rxa6 Nc4 31. Rxc6 Nxe3 32. Rc1 Nxf1 33. Rxf1 Rxf1+ 34. Kxf1 Rb8 35. Rb3 Kf7 36. Ke2 Ke6 37. Kd3 Ke5 38. b5 Rb6 39. Rb1 d4 40. Kc4 g6 41. Kc5 Rb8 42. b6 d3 43. Re1+ Kf4 44.
Kd4 Rxb6 45. Rf1+ Kg5 46. Kxd3 Re6 47. Rg1 h5 48. Kd2 h4 49. Re1 Kh5 50. Rxe6 1-0

[Event "Live Chess"]
[Site "Chess.com"]
[Date "2023.05.21"]
[Round "-"]
[White "educatedlad"]
[Black "LutherSullivan"]
[Result "0-1"]
[WhiteElo "1629"]
[BlackElo "2139"]
[TimeControl "300"]
[EndTime "16:57:36 PDT"]
[Termination "LutherSullivan won by resignation"]

1. e4 c5 2. a3 g6 3. b4 cxb4 4.
axb4 Bg7 5. Nc3 Nc6 6. b5 Nd4 7. Ra4 d6 8. Nf3 Nxf3+ 9. Qxf3 Nf6 10. Nd5 O-O 11. d3 Nxd5 12. exd5 Qb6 13. Be3 Qxb5 14. Rh4 Qb1+ 15. Qd1 Qxd1+ 16. Kxd1 a5 17. Be2 a4 18.
Bh6 Bxh6 19. Rxh6 b5 20. h4 a3 21. Kd2 b4 22. h5 g5 23. f4 gxf4 24. Rh4 a2 25. d4 a1=Q 26. Bd3 f5 27. Rxf4 Qc3+ 28. Ke2 Kg7 29. Re6 Bxe6 30. dxe6 Ra2 31. Bxf5 Rxf5 32. Rxf5 0-1

[Event "Live Chess"]
[Site "Chess.com"]
[Date "2023.05.21"]
[Round "-"]
[White "Baturin_Yevgeniy"]
[Black "Tushinskiy"]
[Result "0-1"]
[WhiteElo "1798"]
[BlackElo "2174"]
[TimeControl "300"]
[EndTime "16:57:38 PDT"]
[Termination "Tushinskiy won on time"]

1. d4 d5 2. c3 c6 3. Qb3 Nf6 4. Nf3 e6 5. Bg5 Be7 6. Bxf6 Bxf6 7.
Nbd2 Nd7 8. e4 O-O 9. Bd3 Re8 10. O-O a6 11. a4 g6 12. c4 dxe4 13. Nxe4 Be7 14. d5 cxd5 15. cxd5 Nc5 16. Nxc5 Bxc5 17. Bc4 Rb8 18. dxe6 Bxe6 19. Rfe1 Bxc4 20. Qxc4 Qb6 21.
Rxe8+ Rxe8 22. Ng5 Re7 23. Qh4 h5 24. g4 Qxb2 25.
Rf1 Qd4 26. Kh1 Qf4 27. f3 Re2 0-1

[Event "Live Chess"]
[Site "Chess.com"]
[Date "2023.05.21"]
[Round "-"]
[White "gmnorfolk"]
[Black "mikkyb4"]
[Result "1-0"]
[WhiteElo "2128"]
[BlackElo "1037"]
[TimeControl "300"]
[EndTime "16:57:43 PDT"]
[Termination "gmnorfolk won by resignation"]

1. d4 g6 2. e4 Bg7 3. Nc3 d6 4. Be3 a6 5. Qd2 b5 6. h4 h6 7. a4 b4 8. Nce2 a5 9. Ng3 Nd7 10. h5 g5 11. Nf5 Bf6 12. Bb5 e6 13. Ng3 Ba6 14. Bxa6 Rxa6 15. N1e2 Ne7 16. O-O e5 17. d5 Bg7 18. Qd3 Ra8 19. c3 f5 20. exf5 O-O 21. cxb4 Nxf5 22. Nxf5 Bh8 23. Nxh6+ 1-0

[Event "Live Chess"]
[Site "Chess.com"]
[Date "2023.05.21"]
[Round "-"]
[White "AbilifyXL"]
[Black "karimghalambaz"]
[Result "1-0"]
[WhiteElo "1951"]
[BlackElo "1280"]
[TimeControl "300"]
[EndTime "16:57:51 PDT"]
[Termination "AbilifyXL won on time"]

1. d4 e5 2. c4 exd4 3. Qxd4 Nc6 4. Qd1 Nf6 5. Nf3 Bb4+ 6. Bd2 Bxd2+ 7. Nbxd2 O-O 8. e3 d6 9. Be2 Bf5 10. O-O Nb4 11. Rc1 Nxa2 12. Ra1 Nb4 13. Nh4 Be6 14. Qb3 Nc6 15. Qxb7 Ne7 16. Qb3 Rb8 17. Qc2 Rb7 18.
Nhf3 Nc6 19. Nd4 Nb4 20. Qc3 Bc8 21. h3 d5 22. c5 c6 23. Ra4 a5 24. Rfa1 Ne4 25.
Nxe4 dxe4 26. Rxa5 Nd5 27. Qc2 Bd7 28. b3 Qc8 29.
Qxe4 Re8 30. Qc2 Bxh3 31. Ra8 Rb8 32. Rxb8 Qxb8 33. gxh3 Qc8 34. Bg4 Qc7 35. Ra6 Nb4 36. Qc4 Nxa6 37. Qxa6 Rb8 38. Nxc6 Rxb3 39. Qa8+ 1-0

[Event "Live Chess"]
[Site "Chess.com"]
[Date "2023.05.21"]
[Round "-"]
[White "luckywookie"]
[Black "Tilbs_12"]
[Result "0-1"]
[WhiteElo "767"]
[BlackElo "1545"]
[TimeControl "300"]
[EndTime "16:58:07 PDT"]
[Termination "Tilbs_12 won on time"]

1. e4 c6 2. c3 d5 3. exd5 cxd5 4. d4 Nc6 5. Nf3 Bg4 6. Bb5 Nf6 7.
Bg5 e6 8. h3 Bxf3 9. Qxf3 Be7 10. O-O O-O 11. Bxf6 Bxf6 12. Bd3 e5 13. Re1 e4 14.
Bxe4 dxe4 15. Rxe4 Re8 16. Nd2 Rxe4 17. Nxe4 Rc8 18.
Rd1 Qe7 19. d5 Ne5 20. Nxf6+ Qxf6 21. Qxf6 gxf6 22. d6 Rd8 23. Rd4 Kf8 24. c4 Ke8 25. c5 Kd7 26. b4 a6 27. Kf1 Ke6 28. g4 Nc6 29. Rd2 Nxb4 30. a3 Nc6 31. Ke2 Ne5 32.
f4 Nd7 33. Ke3 f5 34. Kd4 fxg4 35. hxg4 Rc8 36. Re2+ Kf6 37. g5+ Kg6 38. Re7 Nxc5 39. d7 Nxd7 40. Rxd7 Rb8 41. Ke4 b5 42. f5+ Kxg5 43.
Rxf7 h5 44. Ke5 b4 45. axb4 Rb5+ 46. Ke4 Rxb4+ 47. Kf3 a5 48. Rg7+ Kf6 49. Rg2 a4 50. Ra2 Kxf5 51. Kg3 Kg5 0-1

[Event "Live Chess"]
[Site "Chess.com"]
[Date "2023.05.21"]
[Round "-"]
[White "davigator"]
[Black "JoshMcK"]
[Result "1-0"]
[WhiteElo "2325"]
[BlackElo "1527"]
[TimeControl "300"]
[EndTime "16:58:49 PDT"]
[Termination "davigator won by checkmate"]

1. e4 c6 2. d4 d5 3. Nc3 dxe4 4.
Nxe4 Nf6 5. Nxf6+ exf6 6. c3 Bd6 7. Bd3 O-O 8. Qc2 Re8+ 9. Ne2 h5 10. h3 Be6 11.
Be3 Nd7 12. a4 a6 13. a5 Bd5 14. O-O g6 15. Rfe1 Qc7 16. c4 Be6 17. Nc3 Bb4 18.
Bxg6 fxg6 19. Qxg6+ Kh8 20. Qxh5+ Kg8 21. d5 cxd5 22. Nxd5 Qxc4 23. Qg6+ Kh8 24. Nxf6 Nxf6 25. Qxf6+ Kg8 26. Bd4 Re7 27. Re3 Kh7 28. Qh4+ Kg6 29. Rg3+ Kf5 30. Qg5+ Ke4 31. Qe5# 1-0

[Event "Live Chess"]
[Site "Chess.com"]
[Date "2023.05.21"]
[Round "-"]
[White "SupremeTactician"]
[Black "NAZRIZ1977"]
[Result "1-0"]
[WhiteElo "2345"]
[BlackElo "2014"]
[TimeControl "300"]
[EndTime "16:58:58 PDT"]
[Termination "SupremeTactician won by resignation"]

1. e4 c5 2. Nf3 d6 3. d4 cxd4 4. Nxd4 Nf6 5. f3 g6 6. c4 Bg7 7. Nc3 O-O 8. Be3 Nc6 9. Qd2 Bd7 10. Rc1 a6 11. Be2 Rb8 12. O-O Nxd4 13. Bxd4 b5 14. cxb5 Bxb5 15. Bxb5 axb5 16. Rfd1 Ne8 17. Nd5 Bxd4+ 18. Qxd4 Ng7 19. Rc7 e6 20. Nf6+ Kh8 21.
Rd7 Qa5 22. Qxd6 Qxa2 23. Rxf7 Rfc8 24. Qd7 1-0

[Event "Live Chess"]
[Site "Chess.com"]
[Date "2023.05.21"]
[Round "-"]
[White "wot-not"]
[Black "stevochess11"]
[Result "0-1"]
[WhiteElo "1546"]
[BlackElo "1779"]
[TimeControl "300"]
[EndTime "16:59:00 PDT"]
[Termination "stevochess11 won by resignation"]

1. e4 c5 2. f4 g6 3. Nf3 Nc6 4. d4 cxd4 5. Bd3 Bg7 6. O-O d6 7. Nbd2 Bg4 8. Nb3 Nf6 9. Bd2 O-O 10. Be1 a5 11. Bh4 a4 12. Nbd2 Qb6 13. Rb1 Nb4 14.
h3 Be6 15. f5 Bxa2 16. Ra1 Nxd3 17. cxd3 Bb3 18. Nxb3 Qxb3 19. Qe2 a3 20. Rxa3 Rxa3 21. bxa3 Qxa3 22. e5 dxe5 23. Nxe5 Nd5 24. fxg6 hxg6 25. Nd7 Ne3 26. Rf2 Qc1+ 27. Kh2 Qc7+ 28. Bg3 Qxd7 29.
Qf3 Nf5 30. Bf4 e5 31. Bg5 Ne3 32. Bxe3 dxe3 33. Qxe3 Rd8 34. Qf3 Qxd3 35. Qxf7+ Kh7 36. Rf3 Qd6 37. Rg3 e4 38. h4 Rf8 39. Qb3 Be5 0-1

[Event "Live Chess"]
[Site "Chess.com"]
[Date "2023.05.21"]
[Round "-"]
[White "WelshTiger"]
[Black "1600x"]
[Result "1-0"]
[WhiteElo "2359"]
[BlackElo "1827"]
[TimeControl "300"]
[EndTime "16:59:00 PDT"]
[Termination "WelshTiger won by resignation"]

1. e4 e5 2. Nf3 d5 3. exd5 e4 4. Qe2 Qe7 5. Nd4 Nf6 6. Nc3 c5 7. dxc6 Nxc6 8. Nxc6 bxc6 9. d4 Bg4 10. Qc4 Qd6 11.
Bf4 Qe6 12. Qxe6+ Bxe6 13. O-O-O a5 14. Be5 Bb4 15. Bxf6 gxf6 16. Nxe4 f5 17. Nc5 Bxa2 18. b3 a4 19. Bc4 axb3 20. cxb3 Rg8 21. g3 Kd8 22.
Kb2 Bxc5 23. dxc5+ Kc7 24. Ra1 Bxb3 25. Kxb3 Rgf8 26. Rxa8 Rxa8 27. Re1 Ra5 28. Kb4 Ra7 29. Re7+ Kb8 30. Rxa7 Kxa7 31. Bxf7 h6 32. Be6 h5 33. Bxf5 h4 34. gxh4 Ka6 35. h5 Kb7 36. h6 1-0

[Event "Live Chess"]
[Site "Chess.com"]
[Date "2023.05.21"]
[Round "-"]
[White "Biranidun"]
[Black "Conradical12"]
[Result "1-0"]
[WhiteElo "2655"]
[BlackElo "1598"]
[TimeControl "300"]
[EndTime "16:59:13 PDT"]
[Termination "Biranidun won by resignation"]

1. e4 e5 2. Nf3 Nc6 3. Bc4 Nf6 4. Ng5 Bc5 5. Bxf7+ Kf8 6. Bc4 h6 7. Nf7 Bxf2+ 8. Kxf2 Nxe4+ 9. Kg1 Qe7 10. Nxh8 Qc5+ 11. d4 Nxd4 12. Ng6+ Ke8 13. Be3 Qxc4 14. Bxd4 exd4 15.
Qf3 Nf6 16. Nd2 1-0

[Event "Live Chess"]
[Site "Chess.com"]
[Date "2023.05.21"]
[Round "-"]
[White "Brooms1989"]
[Black "Singapourfeuj"]
[Result "0-1"]
[WhiteElo "1106"]
[BlackElo "2194"]
[TimeControl "300"]
[EndTime "16:59:25 PDT"]
[Termination "Singapourfeuj won by checkmate"]

1. e4 d5 2. exd5 Nf6 3. d4 g6 4. Nc3 Bg7 5. Bc4 O-O 6. Nf3 a6 7. Bb3 Bg4 8. O-O Nbd7 9. h3 Bxf3 10. Qxf3 b5 11. Bg5 Nb6 12. Bxf6 Bxf6 13. Ne2 a5 14. a3 a4 15. Ba2 Qd6 16. c3 Rad8 17. Qg3 Qxg3 18.
fxg3 Nxd5 19. Nf4 Ne3 20. Rf3 Nc4 21. Bxc4 bxc4 22. Nd5 Rxd5 23. Re1 Rb8 24. Re2 Kg7 25. h4 h5 26. Kh2 c5 27. dxc5 Rxc5 28. Kh3 Rcb5 29. Rff2 e5 30. g4 hxg4+ 31. Kxg4 Be7 32. h5 f5+ 33. Kh3 e4 34. hxg6 Kxg6 35. Rf4 Rh8+ 36. Kg3 Bd6 37. Kf2 Bxf4 38. g3 Rh2+ 39. Kf1 Rxe2 40. Kxe2 Rxb2+ 41. Kf1 Bxg3 42. Kg1 f4 43. Kf1 f3 44. Kg1 Rb1# 0-1

[Event "Live Chess"]
[Site "Chess.com"]
[Date "2023.05.21"]
[Round "-"]
[White "LodeshChess"]
[Black "LiamBellwood"]
[Result "0-1"]
[WhiteElo "1134"]
[BlackElo "2058"]
[TimeControl "300"]
[EndTime "16:59:41 PDT"]
[Termination "LiamBellwood won by resignation"]

1. e4 e6 2. Nf3 d5 3. e5 c5 4. d4 Nc6 5. c3 Bd7 6. Bd3 Rc8 7. O-O cxd4 8. cxd4 Nb4 9. a3 Nxd3 10. Qxd3 Ne7 11. b4 Nf5 12. Bg5 Qb6 13. Nc3 h6 14. Be3 Be7 15. Rfe1 O-O 16. Rac1 a5 17. bxa5 Qxa5 18. Ne2 Bxa3 19. Rxc8 Rxc8 20. Ra1 Bb5 21. Qxa3 Qxa3 22. Rxa3 Bxe2 23. Ra7 Ba6 24. h3 Ne7 25. Nd2 Nc6 26. Rxa6 bxa6 27. Nb3 a5 28. Nc5 Rb8 29. Bd2 Nxd4 30.
Bc3 Nb3 31. Nxb3 Rxb3 32. Bxa5 d4 33. Kf1 d3 34. Ke1 Ra3 35. Bb4 Ra4 36. Bc3 Ra2 37.
g3 Re2+ 38. Kd1 Rxf2 0-1

[Event "Live Chess"]
[Site "Chess.com"]
[Date "2023.05.21"]
[Round "-"]
[White "KeithArkell"]
[Black "smoggyrabbit"]
[Result "1-0"]
[WhiteElo "2606"]
[BlackElo "1753"]
[TimeControl "300"]
[EndTime "16:59:51 PDT"]
[Termination "KeithArkell won by checkmate"]

1. d4 e6 2. Nf3 f5 3. Bg5 Nf6 4.
Nbd2 d5 5. e3 Bd6 6. Ne5 O-O 7.
Ndf3 c6 8. Bd3 Nbd7 9. O-O Qe8 10. Nxd7 Bxd7 11. Bf4 Bxf4 12. exf4 Ne4 13. Ne5 Qe7 14. f3 Nf6 15. Re1 b6 16. Qd2 c5 17. c3 Rac8 18. Re3 Rfe8 19. Rae1 Qd6 20. Qe2 cxd4 21. cxd4 Bc6 22. Nxc6 Qxc6 23. Rxe6 Rxe6 24. Qxe6+ Qxe6 25.
Rxe6 Kf7 26. Bxf5 Rc1+ 27. Kf2 g6 28. Bh3 Nh5 29. g3 Rc2+ 30. Re2 Rc4 31. Be6+ Kf6 32. Bxd5 Rxd4 33. Bb3 Ng7 34. Rc2 Rd7 35. g4 Ke7 36. Ke3 Ne6 37. Bxe6 Kxe6 38. h4 Kf6 39. Rc6+ Kf7 40. g5 Ke7 41. h5 Kf7 42. hxg6+ hxg6 43. f5 gxf5 44. Kf4 Kg7 45. Kxf5 Rf7+ 46. Kg4 Rd7 47.
f4 Rd1 48. Kf5 Rd5+ 49. Kg4 Rd1 50. Rc7+ Kg6 51. f5# 1-0

[Event "Live Chess"]
[Site "Chess.com"]
[Date "2023.05.21"]
[Round "-"]
[White "LL220284LL"]
[Black "GMHarry-youtube"]
[Result "0-1"]
[WhiteElo "2333"]
[BlackElo "2036"]
[TimeControl "300"]
[EndTime "17:00:06 PDT"]
[Termination "GMHarry-youtube won by resignation"]

1. Nf3 Nf6 2. e3 e6 3. b3 d5 4. Bb2 Be7 5. d4 c5 6. Bd3 cxd4 7. Nxd4 Nc6 8. Nxc6 bxc6 9. c4 a5 10. O-O a4 11.
Nd2 a3 12. Bc3 c5 13. Nf3 O-O 14. Rc1 Ne4 15. Be5 f5 16. Qe2 Bf6 17. Bxf6 Qxf6 18. Rfd1 Nc3 19. Rxc3 Qxc3 20. cxd5 exd5 21. Bb5 Rd8 22. Bc6 Ba6 23. Qd2 Qxd2 24. Rxd2 Rac8 25. Bxd5+ Kf8 26. Ng5 Bb7 27. Ne6+ Ke7 28. Nf4 Bxd5 29. Nxd5+ Ke6 30. Nf4+ Kf7 31. Rxd8 Rxd8 32. g3 Rd2 0-1

[Event "Live Chess"]
[Site "Chess.com"]
[Date "2023.05.21"]
[Round "-"]
[White "sanjesh_ananda"]
[Black "John_Warren"]
[Result "1-0"]
[WhiteElo "1345"]
[BlackElo "1256"]
[TimeControl "300"]
[EndTime "17:00:17 PDT"]
[Termination "sanjesh_ananda won on time"]

1. e4 e5 2. Nf3 Nc6 3. Bc4 Bc5 4.
O-O Nf6 5. Re1 d6 6. h3 Be6 7. Bxe6 fxe6 8. c3 Qe7 9. d4 exd4 10.
cxd4 Bb4 11. Re2 O-O-O 12. Bg5 Rdf8 13. e5 dxe5 14. dxe5 Nxe5 15. Nxe5 Rd8 16. Qc1 Rd5 17. Nc3 Bxc3 18. Qxc3 Rhd8 19. Ree1 Qc5 20. Nf3 Qxc3 21. bxc3 Re8 22. Nd4 e5 23. Nf5 Rd7 24. Bh4 Nh5 25. Rac1 1-0

[Event "Live Chess"]
[Site "Chess.com"]
[Date "2023.05.21"]
[Round "-"]
[White "peter-785"]
[Black "blowerd"]
[Result "0-1"]
[WhiteElo "1162"]
[BlackElo "1391"]
[TimeControl "300"]
[EndTime "17:00:43 PDT"]
[Termination "blowerd won on time"]

1. e4 e5 2. Nf3 Nc6 3. Bc4 Be7 4.
d4 exd4 5. Nxd4 Nxd4 6. Qxd4 Bf6 7. Qd5 Qe7 8. O-O c6 9. Qa5 Nh6 10.
Re1 b6 11. Qd2 Be5 12. f4 Bd6 13. e5 Bc5+ 14. Kh1 O-O 15. b3 Ng4 16. Re2 d6 17. Bb2 dxe5 18. fxe5 Rd8 19. Qe1 Nf2+ 20. Rxf2 Bxf2 21. Qf1 Bg4 22. Na3 Bc5 23. h3 Bh5 24.
Qf5 Bg6 25. Qf1 Bxa3 26. Bxa3 Qxa3 27. e6 Qe7 28. exf7+ Bxf7 29. Bd3 Qf6 30. Qg1 Bg6 31. Bc4+ Kh8 32. Rf1 Qe5 33. Re1 Qc5 34. Qf1 Rf8 35. Qe2 Rfe8 36. Qd1 Rxe1+ 0-1

[Event "Live Chess"]
[Site "Chess.com"]
[Date "2023.05.21"]
[Round "-"]
[White "Fazer180"]
[Black "Doge_Dandolo"]
[Result "0-1"]
[WhiteElo "1742"]
[BlackElo "1983"]
[TimeControl "300"]
[EndTime "17:00:44 PDT"]
[Termination "Doge_Dandolo won by resignation"]

1. e4 c6 2. d4 d5 3. Nc3 dxe4 4.
Nxe4 Bf5 5. Ng3 Bg6 6. h4 h6 7. h5 Bh7 8. Nf3 Nd7 9. Bd3 Bxd3 10. Qxd3 e6 11. O-O Ngf6 12. c4 Be7 13. Bf4 O-O 14.
Rad1 b5 15. cxb5 cxb5 16. Qxb5 Nd5 17. Be3 Rb8 18. Qe2 Qb6 19. Rb1 N7f6 20. Ne5 Bd6 21. Nc4 Qc7 22. Nxd6 Qxd6 23. Rfc1 Rb4 24. a3 Rb7 25. b4 Rfb8 26. Rc4 a5 27. Bd2 axb4 28. axb4 Nxb4 29. Bxb4 Rxb4 30. Rbc1 Rb2 31. Qd3 Rd8 32. Qc3 Rbb8 33. Rd1 Nd5 34. Qc2 f5 35. Nf1 Rb6 36.
Rc8 Rb4 37. Rxd8+ Qxd8 38. Ne3 Nxe3 39. fxe3 Qg5 40. Qc8+ Kh7 41. Qxe6 Rb2 42. Qc6 Qxe3+ 43. Kh1 Qg5 44. Qf3 Rxg2 45. Qxg2 Qxh5+ 46. Qh2 Qxd1+ 47. Qg1 Qxg1+ 48. Kxg1 Kg6 49. Kf2 Kf6 50. Ke3 g5 51.
Kd3 Ke6 52. Kc4 Kd6 53. d5 f4 54. Kd4 g4 55. Ke4 f3 56. Ke3 Kxd5 0-1

[Event "Live Chess"]
[Site "Chess.com"]
[Date "2023.05.21"]
[Round "-"]
[White "domrobson"]
[Black "CheckThis4"]
[Result "0-1"]
[WhiteElo "1784"]
[BlackElo "2546"]
[TimeControl "300"]
[EndTime "17:00:49 PDT"]
[Termination "CheckThis4 won by checkmate"]

1. d4 Nf6 2. c4 e5 3. dxe5 Ng4 4. Bf4 Bb4+ 5. Nd2 d6 6. exd6 Qf6 7. e3 g5 8. Bg3 h5 9. Qa4+ Nc6 10. h3 Bxd2+ 11. Kxd2 Qxb2+ 12. Qc2 Qxa1 13. hxg4 Bxg4 14. f3 Be6 15.
Be2 O-O-O 16. c5 cxd6 17. cxd6 Qxa2 18. Qxa2 Bxa2 19. Bb5 h4 20. Bh2 Rh6 21. Ne2 Rhxd6+ 22. Bxd6 Rxd6+ 23. Kc2 Nb4+ 24. Kb2 a5 25. Rc1+ Kb8 26. Nd4 Rb6 27. Ka3 Bd5 28. Bd7 Nc6 29. Bxc6 Bxc6 30. Nxc6+ Rxc6 31. Rd1 Rc3+ 32. Ka4 Rxe3 33. Kxa5 Re2 34.
Kb6 Rb2+ 35. Kc5 Rxg2 36. Kd6 h3 37. Ke7 h2 38. Rh1 f5 39. Kf6 g4 40. Kxf5 g3 41. Kg4 Rg1 42. f4 Rxh1 43. f5 g2 44. f6 g1=Q+ 45. Kh5 Qc5+ 46. Kh6 Qf8+ 47. Kg6 Rg1+ 48. Kh7 h1=Q# 0-1

[Event "Live Chess"]
[Site "Chess.com"]
[Date "2023.05.21"]
[Round "-"]
[White "chessfiction"]
[Black "nigelst"]
[Result "1-0"]
[WhiteElo "2333"]
[BlackElo "1785"]
[TimeControl "300"]
[EndTime "17:00:59 PDT"]
[Termination "chessfiction won by resignation"]

1. e4 c6 2. d4 d5 3. Nc3 dxe4 4. f3 e5 5. d5 Nf6 6. fxe4 Bb4 7.
Nf3 Bxc3+ 8. bxc3 cxd5 9. exd5 Qxd5 10. Qxd5 Nxd5 11. Nxe5 Nxc3 12. Ba3 Be6 13. Bd3 Nc6 14.
Nxc6 bxc6 15. O-O O-O-O 16. Bc5 a6 17. Bxa6+ Kc7 18. Rf3 Nd5 19. c4 Nf6 20. Bf2 Rd2 21.
Bg3+ Kb6 22. Ra3 Rhd8 23. Rb1+ Kc5 24. Ra5+ Kd4 25. Be5+ Ke4 26. Re1+ Kd3 27. c5+ Kc2 28. Ra3 Rd1 29. Rc3+ Kb1 30. Bd3+ Kxa2 31. Rxd1 Ne4 32. Bb1+ Kb2 33. Rxd8 Nxc3 34. Rb8+ Kc1 35. Bxc3 1-0

[Event "Live Chess"]
[Site "Chess.com"]
[Date "2023.05.21"]
[Round "-"]
[White "Missedidea"]
[Black "raminguy"]
[Result "1-0"]
[WhiteElo "1859"]
[BlackElo "1961"]
[TimeControl "300"]
[EndTime "17:01:09 PDT"]
[Termination "Missedidea won by resignation"]

1. d4 d5 2. c4 e6 3. Nc3 a6 4. Nf3 dxc4 5. e4 b5 6. Be2 Bb7 7. a3 Nf6 8. Qc2 Be7 9. O-O O-O 10. Rd1 Qc8 11. h3 Rd8 12. d5 exd5 13. exd5 Nxd5 14. Ng5 g6 15. Bf3 Nxc3 16. Rxd8+ Bxd8 17. Qxc3 Bxf3 18. Qxf3 Bxg5 19. Qxa8 Bxc1 20. Rxc1 Kg7 21.
Rd1 Qe8 22. Qa7 Qe2 23. Qd4+ Kh6 24. Rd2 Qe1+ 25. Kh2 Nc6 26. Qf4+ Kg7 27. Rd7 Ne5 28. Rxc7 h6 29. Ra7 g5 30. Qd4 Kh7 31. Rxa6 Nd3 32. Rf6 Qe5+ 33. Qxe5 Nxe5 34. Rb6 Nd3 35. Rxb5 Nxb2 36.
Rxb2 1-0

[Event "Live Chess"]
[Site "Chess.com"]
[Date "2023.05.21"]
[Round "-"]
[White "Shepherds_Pie"]
[Black "therealab0ne"]
[Result "1-0"]
[WhiteElo "1912"]
[BlackElo "708"]
[TimeControl "300"]
[EndTime "17:01:30 PDT"]
[Termination "Shepherds_Pie won by resignation"]

1. c4 e5 2. Nc3 Nc6 3. Nf3 Bb4 4. Qc2 Bxc3 5. Qxc3 Nf6 6. Nxe5 O-O 7. d4 Nxe5 8.
dxe5 Ng4 9. h3 Nxe5 10. Qxe5 Re8 11. Qd4 d6 12. e3 c5 13. Qc3 Qg5 14. g3 Bd7 15.
Bg2 Re6 16. h4 Qe5 17. Qxe5 Rxe5 18. Bxb7 Rae8 19. Bf3 d5 20. cxd5 Rxd5 21. Bxd5 1-0

[Event "Live Chess"]
[Site "Chess.com"]
[Date "2023.05.21"]
[Round "-"]
[White "Conradical12"]
[Black "Singapourfeuj"]
[Result "0-1"]
[WhiteElo "1597"]
[BlackElo "2195"]
[TimeControl "300"]
[EndTime "17:01:30 PDT"]
[Termination "Singapourfeuj won by checkmate"]

1. e4 e6 2. f4 d5 3. exd5 exd5 4. Nf3 Bd6 5. d3 Ne7 6. Nc3 Nbc6 7. Bd2 Bg4 8. Be2 Qd7 9. O-O O-O-O 10. a4 Kb8 11. a5 d4 12. Nb5 a6 13. Nbxd4 Bc5 14. Be3 Bxf3 15. Nxc6+ Qxc6 16. Bxc5 Qxc5+ 17. Kh1 Bxe2 18. Qxe2 Rhe8 19. Qf3 Nf5 20. Ra3 Re6 21. Rb3 Qc6 22.
Qd1 Qc5 23. g4 Nd4 24. Rc3 Qxa5 25. Qd2 Qd5+ 26. Kg1 Re2 27. Qd1 Qg2# 0-1

[Event "Live Chess"]
[Site "Chess.com"]
[Date "2023.05.21"]
[Round "-"]
[White "Hussamalhaidar"]
[Black "CeladonFish"]
[Result "1-0"]
[WhiteElo "1055"]
[BlackElo "1110"]
[TimeControl "300"]
[EndTime "17:01:38 PDT"]
[Termination "Hussamalhaidar won by checkmate"]

1. b3 Nf6 2. Bb2 d5 3. e3 g6 4.
f4 Bg7 5. Nf3 O-O 6. d3 Nc6 7.
Nbd2 Bg4 8. Be2 Re8 9. O-O Bxf3 10. Rxf3 e5 11. Rh3 exf4 12. exf4 Ng4 13. Bxg7 Kxg7 14.
Bxg4 h5 15. Bxh5 gxh5 16. Qxh5 Rh8 17. Rg3+ Kf6 18. Qg5+ Ke6 19. Re1+ Kd6 20. c4 Qxg5 21. Rxg5 dxc4 22. Nxc4+ Kd7 23. Rg7 Rhf8 24. Ne5+ Nxe5 25. fxe5 Rae8 26. d4 Kc6 27. Rc1+ Kb6 28. a4 f6 29. Rcxc7 fxe5 30. Rxb7+ Kc6 31. Rgc7+ Kd5 32. Rd7+ Ke4 33.
dxe5 Rxe5 34. Rb4+ Kf5 35. g4+ Kg5 36. Rg7+ Kf6 37. Rxa7 Rg5 38. Rf4+ Ke5 39. Rxf8 Rxg4+ 40. Kf1 Rf4+ 41. Rxf4 Kxf4 42. Kf2 Ke4 43. h4 Kf5 44. h5 Kg5 45. Ra5+ Kh6 46. Kg3 Kh7 47. Kg4 Kh6 48. Ra6+ Kh7 49. Rf6 Kg7 50. Kg5 Kg8 51.
h6 Kh7 52. Rf7+ Kh8 53. Kg6 Kg8 54. h7+ Kh8 55. Rf8# 1-0

[Event "Live Chess"]
[Site "Chess.com"]
[Date "2023.05.21"]
[Round "-"]
[White "GEMdzq"]
[Black "DaveL5678"]
[Result "1-0"]
[WhiteElo "2234"]
[BlackElo "1009"]
[TimeControl "300"]
[EndTime "17:01:54 PDT"]
[Termination "GEMdzq won by checkmate"]

1. e4 e6 2. d4 d5 3. Nc3 c5 4.
Nf3 Qb6 5. exd5 cxd4 6. Nxd4 Bc5 7. Na4 Qb4+ 8. c3 Qa5 9. Bb5+ Bd7 10. Bxd7+ Nxd7 11. dxe6 fxe6 12. b4 Qc7 13. bxc5 Qe5+ 14. Be3 Nxc5 15.
Nxc5 Qxc5 16. O-O Qe5 17. Re1 Qf6 18. Nxe6 Rc8 19. Bd4 Qf7 20. Qa4+ Rc6 21. Nxg7+ Kd7 22. Rad1 Kc7 23. Ne8+ Kb8 24. Be5+ Ka8 25. Rd8+ Rc8 26. Rxc8# 1-0

[Event "Live Chess"]
[Site "Chess.com"]
[Date "2023.05.21"]
[Round "-"]
[White "educatedlad"]
[Black "xx_blindpuffin_xx"]
[Result "0-1"]
[WhiteElo "1628"]
[BlackElo "2210"]
[TimeControl "300"]
[EndTime "17:01:54 PDT"]
[Termination "xx_blindpuffin_xx won by checkmate"]

1. e4 c6 2. d4 d5 3. e5 Bf5 4.
h4 Bd7 5. Be3 e6 6. Nd2 c5 7. Ngf3 Nc6 8. dxc5 Nge7 9. Nb3 Nf5 10. Bb5 Nxe3 11. fxe3 a5 12. a4 Rc8 13. O-O Qc7 14.
Rc1 Nxe5 15. Nxe5 Qxe5 16. Bxd7+ Kxd7 17. Nxa5 Qxe3+ 18. Kh1 f5 19. Nxb7 Rc7 20. Na5 Bxc5 21. Rxf5 exf5 22. Qxd5+ Ke7 23. Nc6+ Rxc6 24. Qxc6 Qxc1+ 25.
Kh2 Qf4+ 26. Kh1 Qxh4# 0-1

[Event "Live Chess"]
[Site "Chess.com"]
[Date "2023.05.21"]
[Round "-"]
[White "LiamClery2020"]
[Black "Long1968"]
[Result "1-0"]
[WhiteElo "2043"]
[BlackElo "1130"]
[TimeControl "300"]
[EndTime "17:01:57 PDT"]
[Termination "LiamClery2020 won on time"]

1. e4 e6 2. d4 d5 3. Nd2 Nf6 4. e5 Nfd7 5. Ngf3 c5 6. c3 Qb6 7.
Bd3 Nc6 8. O-O cxd4 9. cxd4 Nxd4 10. Nxd4 Qxd4 11. Nf3 Qb6 12. Qc2 Be7 13. Bxh7 Qc6 14. Qxc6 bxc6 15. Bd3 a5 16. Be3 Ba6 17. Bxa6 Rxa6 18.
Rac1 O-O 19. Rfd1 Rb8 20. b3 f6 21. exf6 Nxf6 22. Nd4 c5 23. Nf3 d4 24. Bf4 Bd6 25. Bxd6 Rxd6 26. Rxc5 d3 27. Ne1 Rbd8 28. Rc3 Nd5 29. Rcxd3 Kf7 30. Nc2 Ke7 31. Ne3 Nxe3 32. Rxd6 Nxd1 33. Rxd8 Kxd8 34. f3 Nc3 35. a3 Nb1 36. a4 Nd2 37. Kf2 Nxb3 38. Ke3 Nc5 39. Kd4 Nxa4 40. Kc4 Nb6+ 41. Kb3 Ke7 42. h4 Kf6 43. g4 Ke5 44. Ka3 Kf4 45. h5 1-0

[Event "Live Chess"]
[Site "Chess.com"]
[Date "2023.05.21"]
[Round "-"]
[White "SupremeTactician"]
[Black "Jo1ts"]
[Result "1-0"]
[WhiteElo "2345"]
[BlackElo "789"]
[TimeControl "300"]
[EndTime "17:02:08 PDT"]
[Termination "SupremeTactician won by resignation"]

1. e4 d5 2. exd5 Qxd5 3. Nc3 Qd8 4. d4 Nf6 5. Be3 Bf5 6. Bd3 Bg6 7. Nf3 e6 8. O-O Bd6 9. Nb5 Nc6 10. Nxd6+ cxd6 11. c3 O-O 12. Bxg6 hxg6 13. Rc1 d5 14. Qd3 Ng4 15. h3 Nxe3 16. fxe3 Qd6 17. e4 Qf4 18. exd5 exd5 19. Ne5 Qh4 20. Nxc6 bxc6 21. Rce1 Rfd8 22. Qf3 Rf8 23.
Re5 1-0